 Dungeon Crawl Stone Soup version 0.31-a0-175-g9f7f995f2b (webtiles) character file.

Game seed: 15797969692548796504

47571 TittyCrusher the Severer (level 14, -7/99 HPs)
             Began as a Formicid Fighter on June 17, 2023.
             Was a High Priest of Okawaru.
             Mangled by a skeletal warrior
             ... wielding a +0 war axe
              (18 damage)
             ... on level 10 of the Dungeon.
             The game lasted 00:34:37 (14239 turns).

TittyCrusher the Severer (Formicid Fighter)        Turns: 14239, Time: 00:34:38

Health: -7/99      AC: 14    Str: 21    XL:     14   Next: 82%
Magic:  20/20      EV: 13    Int:  9    God:    Okawaru [*****.]
Gold:   642        SH: 14    Dex: 15    Spells: 13/13 levels left

rFire   + . .        n - +3 battleaxe (heavy)
rCold   . . .        A - +3 warlock's mirror {omnireflect}
rNeg    + . .        y - +0 troll leather armour
rPois   +            (helmet unavailable)
rElec   .            E - +1 cloak of the Harvest {rF+}
rCorr   .            d - +0 pair of gloves
SInv    +            g - +0 pair of boots
Will    +....        q - amulet of reflection
Stlth   +++          o - ring of positive energy
HPRegen 1.96/turn    m - ring of poison resistance
MPRegen 0.17/turn

%: reflection
@: heroic
A: permanent stasis, dig shafts and tunnels, antennae 3, four strong arms,
clumsy 1, passive freeze, regeneration 1, no potion heal 1, subdued magic 1
a: Dig, Shaft Self, Renounce Religion, Heroism, Finesse, Duel


You were on level 10 of the Dungeon.
You worshipped Okawaru.
Okawaru was extremely pleased with you.
You visited 3 branches of the dungeon, and saw 16 of its levels.
You also visited: Bailey and Volcano.

You collected 1237 gold pieces.
You spent 595 gold pieces at shops.

Inventory:

Hand Weapons
 a - a +0 broad axe of flaming
 b - the +10 sling of Taokh {freeze, rCorr Int+3}
   (You found it on level 4 of the Dungeon)

   Int:       It affects your intelligence (+3).
   rCorr:     It protects you from acid and corrosion.
 n - a +3 heavy battleaxe (weapon)
 C - a +8 arbalest
 J - a +2 battleaxe of flaming
Missiles
 z - 28 javelins (quivered)
Armour
 d - a +0 pair of gloves (worn)
 g - a +0 pair of boots (worn)
 h - a +0 crystal plate armour
 x - a +2 leather armour of poison resistance
 y - a +0 troll leather armour (worn)
 A - the +3 warlock's mirror (worn) {omnireflect}
   (You acquired it in a bailey)

   Omnireflect: It can block and reflect piercing ranged attacks and magical
   attacks against the wielder's willpower.
 E - the +1 cloak of the Harvest (worn) {rF+}
   (You bought it in a shop on level 8 of the Dungeon)

   rF:        It protects you from fire.
 H - a +1 leather armour of fire resistance
 K - a +4 plate armour of fire resistance
Magical Staves
 c - the staff of fire "Taafaegg" {rF+ rC+ Int+2 Stlth+}
   (You found it on level 1 of the Lair of Beasts)

   [staff of fire]

   Base accuracy: +5 Base damage: 5 Base attack delay: 1.2 This weapon's minimum
   attack delay (0.6) is reached at skill level 12.
   Int:       It affects your intelligence (+2).
   rF:        It protects you from fire.
   rC:        It protects you from cold.
   Stlth:     It makes you more stealthy.
   It falls into the 'Staves' category.
   It is a weapon for one hand-pair.
Jewellery
 m - a ring of poison resistance (right hand)
 o - a ring of positive energy (left hand)
 p - a ring of positive energy
 q - an amulet of reflection (around neck)
 u - an amulet of the acrobat
Wands
 f - a wand of acid (14)
 j - a wand of flame (20)
 t - a wand of mindburst (6)
 I - a wand of roots (6)
Scrolls
 e - a scroll of fear
 k - a scroll of fog
 G - 2 scrolls of amnesia
Potions
 i - a potion of mutation
 l - a potion of curing
 r - 2 potions of might
 s - 6 potions of lignification
 v - a potion of cancellation
 w - 3 potions of heal wounds


   Skills:
 - Level 5.8(10.8) Fighting
 + Level 19.4(24.4) Axes
 - Level 14.1(19.1) Armour
 - Level 4.0(9.0) Shields
 - Level 8.6 Invocations


You had 13 spell levels left.
You didn't know any spells.
Your spell library contained the following spells:

 Spells                   Type           Power      Damage    Failure   Level
 Apportation              Tloc           0%         N/A       41%         1
 Magic Dart               Conj           0%         1d3       41%         1
 Necrotise                Necr           0%         1d4       41%         1
 Sting                    Tmut/Pois      0%         1d3       41%         1
 Poisonous Vapours        Pois/Air       0%         N/A       56%         2
 Inner Flame              Hex/Fire       0%         N/A       80%         3
 Mephitic Cloud           Conj/Pois/Air  0%         N/A       80%         3
 Portal Projectile        Hex/Tloc       0%         N/A       80%         3
 Flame Wave               Conj/Fire      0%         2d4       99%         4
 Leda's Liquefaction      Hex/Erth       0%         N/A       99%         4
 Olgreb's Toxic Radiance  Pois           0%         N/A       99%         4
 Sticky Flame             Conj/Fire      0%         2d3       99%         4
 Summon Small Mammal      Summ           Unusable   N/A       N/A         1
 Call Imp                 Summ           Unusable   N/A       N/A         2
 Call Canine Familiar     Summ           Unusable   N/A       N/A         3

Dungeon Overview and Level Annotations

Branches:
Dungeon (10/15)            Temple (1/1) D:7            Lair (5/5) D:8
 Shoals (0/4) Lair:3       Spider (0/4) Lair:2        Slime (0/5) Lair:4
 Bailey (visited)         Volcano (visited)
    Orc: D:9-12

Altars:
Cheibriados
Elyvilon
Fedhas
Gozag
Kikubaaqudgha
Okawaru
Trog
Uskayaw
Vehumet
Wu Jian
Yredelemnul
Zin
Jiyva

Shops:
D:1 ?   D:5 [   D:8 [

Annotations:
D:3 exclusion: statue
D:5 1 runed translucent door, Crazy Yiuf
Lair:1 1 runed translucent door, rinse's ghost, journeyman KoDe
Lair:2 exclusion: oklob plant


Innate Abilities, Weirdness & Mutations

You cannot be hasted, slowed, berserked, paralysed or teleported.
You can dig through walls and to a lower floor.
You have a pair of large antennae on your head. (SInv)
Your four strong arms can wield two-handed weapons with a shield.
You are clumsy. (Dex -2)
A frigid envelope surrounds you and freezes all who hurt you.
Your natural rate of healing is unusually fast.
Potions are less effective at restoring your health.
Your spells are a little easier to cast, but a little less powerful.


Message History

You closely miss the skeletal warrior.
The skeletal warrior is severely damaged.
You barely miss the skeletal warrior.
The skeletal warrior hits you with a +0 dire flail!!
The skeletal warrior resists.
The skeletal warrior is very cold.
The skeletal warrior is almost destroyed.
You block the skeletal warrior's attack.
You barely miss the skeletal warrior.
The skeletal warrior is almost destroyed.
You hit the skeletal warrior but do no damage.
The skeletal warrior hits you with a +0 war axe.
The skeletal warrior resists.
The skeletal warrior is very cold.
The skeletal warrior is severely damaged.
The skeletal warrior hits you with a +0 dire flail!
* * * LOW HITPOINT WARNING * * *
The skeletal warrior resists.
The skeletal warrior is very cold.
The skeletal warrior is almost destroyed.
You hit the skeletal warrior but do no damage.
The skeletal warrior is severely damaged.
You hit the skeletal warrior but do no damage.
The skeletal warrior hits you with a +0 war axe.
* * * LOW HITPOINT WARNING * * *
The skeletal warrior resists.
The skeletal warrior is very cold.
The skeletal warrior is severely damaged.
You block the skeletal warrior's attack.
Unknown command.
You barely miss the skeletal warrior.
The skeletal warrior is severely damaged.
You hit the skeletal warrior but do no damage.
The skeletal warrior hits you with a +0 war axe!!
* * * LOW HITPOINT WARNING * * *
The skeletal warrior resists.
The skeletal warrior is very cold.
The skeletal warrior is severely damaged.
You block the skeletal warrior's attack.
Unknown command.
You hit the skeletal warrior.
The skeletal warrior is almost destroyed.
You hit the skeletal warrior.
The skeletal warrior hits you with a +0 war axe!!
You die...

#############################..#
#..# ############# #..#
#...........# #..# #.........<.#
#..# { #...........#### #..##
#..............######..#.
..################.##.##......#.
..............z@...............†
>.......†.?...z....##.##.#....#†
..........###########.##.#.####.
.......z..# #.##.#....#.
...........# #.##.#.##.#.
..########..# #[##.### #. # #.#
#.##.. #. .# #.#### #. .. #.. ..


You could see 2 skeletal warriors.

Vanquished Creatures
  A dire elephant (Lair:5)
  A fire dragon (Volcano)
  3 hydras
  A catoblepas (Lair:5)
  A boulder beetle (Lair:5)
  3 two-headed ogres
  10 death yaks
  A deep troll shaman (Lair:5)
  A skyshark (Lair:5)
  A skeletal warrior (D:10)
  3 salamanders (Volcano)
  A manticore (Lair:3)
  6 black mambas
  22 elephants
  Maggie (D:6)
  7 cane toads
  A torpor snail (Lair:5)
  13 komodo dragons
  3 rime drakes
  A troll (D:6)
  A wind drake (Lair:3)
  Prince Ribbit (D:5)
  A polar bear (Lair:5)
  2 hornets
  20 blink frogs
  A wraith (D:10)
  6 wyverns
  6 yaks (Lair:3)
  A vampire (D:10)
  4 basilisks
  5 fire bats (Volcano)
  4 steam dragons
  3 wargs (D:8)
  Menkaure (D:6)
  9 water moccasins
  An acid dragon (D:9)
  12 orc warriors
  2 black bears
  2 ice beasts (D:6)
  2 sky beasts
  10 ogres
  3 wolves (Lair:5)
  3 phantoms
  13 centaurs
  A kobold brigand (D:6)
  A gnoll sergeant (D:9)
  12 bullfrogs
  2 scorpions
  7 killer bees
  4 howler monkeys
  4 electric eels
  3 hounds (D:5)
  2 jellies
  A gnoll bouda (D:6)
  5 orc priests
  A sleepcap (D:6)
  3 iguanas
  10 orc wizards
  Robin (D:3)
  7 adders
  4 gnolls
  A shadow imp (D:5)
  A white imp (D:5)
  An ufetubus (D:5)
  4 dart slugs
  44 orcs
  7 bats
  7 endoplasms
  2 giant cockroaches
  8 goblins
  8 hobgoblins
  14 kobolds
  3 quokkas
  6 ball pythons
  2 frilled lizards
  10 rats
  A spectral orc (D:6)
  A butterfly (Lair:5)
382 creatures vanquished.

Vanquished Creatures (others)
  A komodo dragon (Volcano)
1 creature vanquished.

Grand Total: 383 creatures vanquished

Notes
Turn   | Place    | Note
-------+----------+-------------------------------------------
     0 | D:1      | TittyCrusher the Formicid Fighter began the quest for the
                  | Orb.
     0 | D:1      | Reached XP level 1. HP: 18/18 MP: 1/1
   192 | D:1      | Reached XP level 2. HP: 24/24 MP: 2/2
   198 | D:1      | Found Orecenn's Magic Scroll Shoppe.
   403 | D:1      | Reached skill level 3 in Axes
   625 | D:2      | Found an ornate altar of the Wu Jian Council.
   641 | D:2      | Reached XP level 3. HP: 29/29 MP: 3/3
  1027 | D:2      | Reached skill level 4 in Axes
  1027 | D:2      | Reached XP level 4. HP: 35/35 MP: 4/4
  1311 | D:3      | Found a faded altar of an unknown god.
  1509 | D:3      | Found a radiant altar of Vehumet.
  1509 | D:3      | Noticed a frost-covered statue
  1628 | D:3      | Reached XP level 5. HP: 32/36 MP: 5/5
  1639 | D:3      | Noticed Robin
  1653 | D:3      | Killed Robin
  1793 | D:3      | Reached skill level 5 in Axes
  2391 | D:4      | Identified the +10 sling of Taokh {freeze, rCorr Int+3}
  2398 | D:4      | Found an opulent altar of Gozag.
  2602 | D:1      | Bought a scroll of identify for 24 gold pieces
  2693 | D:4      | Noticed a bullfrog
  2695 | D:4      | Killed a bullfrog
  2696 | D:4      | Reached skill level 6 in Axes
  2696 | D:4      | Reached XP level 6. HP: 47/47 MP: 6/6
  2915 | D:4      | Found a white marble altar of Elyvilon.
  2918 | D:4      | Found an ornate altar of the Wu Jian Council.
  3062 | D:5      | Entered Level 5 of the Dungeon
  3063 | D:5      | Found a snail-covered altar of Cheibriados.
  3118 | D:5      | Noticed an ogre
  3120 | D:5      | Killed an ogre
  3142 | D:5      | Reached XP level 7. HP: 52/52 MP: 7/7
  3150 | D:4      | Reached skill level 7 in Axes
  3320 | D:5      | Reached skill level 8 in Axes
  3513 | D:5      | Reached XP level 8. HP: 58/58 MP: 8/8
  3650 | D:5      | Noticed Prince Ribbit
  3661 | D:5      | Killed Prince Ribbit
  3662 | D:5      | Reached skill level 9 in Axes
  3921 | D:5      | Found Gajo's Armour Shop.
  3934 | D:5      | Bought a +0 pair of gloves for 58 gold pieces
  4040 | D:5      | Found a runed translucent door.
  4041 | D:5      | Noticed Crazy Yiuf
  4092 | D:5      | Reached skill level 10 in Axes
  4222 | D:6      | Reached XP level 9. HP: 21/64 MP: 9/9
  4384 | D:6      | Noticed a troll
  4388 | D:6      | Gained mutation: Your natural rate of healing is unusually
                  | fast. [potion of mutation]
  4388 | D:6      | Gained mutation: You have hidden genetic defects. [potion
                  | of mutation]
  4388 | D:6      | Gained mutation: Potions are less effective at restoring
                  | your health. [potion of mutation]
  4388 | D:6      | Gained mutation: A frigid envelope surrounds you and
                  | freezes all who hurt you. [potion of mutation]
  4442 | D:6      | Reached skill level 11 in Axes
  4510 | D:6      | Noticed Maggie
  4572 | D:6      | Gained mutation: Your spells are a little easier to cast,
                  | but a little less powerful. [hidden defects]
  4676 | D:6      | Found a basalt altar of Yredelemnul.
  4760 | D:6      | Reached skill level 12 in Axes
  4810 | D:6      | Killed Maggie
  4816 | D:6      | Gained mutation: You are clumsy. (Dex -2) [hidden defects]
  4816 | D:6      | Lost mutation: You have hidden genetic defects. [hidden
                  | defects expressed]
  4951 | D:6      | Noticed Menkaure
  4977 | D:6      | Killed Menkaure
  5120 | D:6      | Killed a troll
  5121 | D:6      | Reached skill level 13 in Axes
  5121 | D:6      | Reached XP level 10. HP: 70/70 MP: 10/10
  5301 | D:7      | Noticed a two-headed ogre
  5319 | D:7      | Killed a two-headed ogre
  5320 | D:7      | Reached skill level 14 in Axes
  5483 | D:7      | Found a staircase to the Ecumenical Temple.
  5494 | Temple   | Entered the Ecumenical Temple
  5500 | Temple   | Became a worshipper of Warmaster Okawaru
  5965 | D:8      | Noticed a two-headed ogre
  5976 | D:8      | Killed a two-headed ogre
  5977 | D:8      | Reached skill level 15 in Axes
  6083 | D:8      | Reached XP level 11. HP: 57/75 MP: 11/11
  6153 | D:8      | Reached * piety under Okawaru
  6240 | D:8      | Found Bifouraif's Armour Shop.
  6248 | D:8      | Bought a +2 leather armour of poison resistance for 208
                  | gold pieces
  6316 | D:8      | Found a staircase to the Lair.
  6641 | D:9      | Reached skill level 16 in Axes
  6821 | D:9      | Found a flagged portal.
  6828 | Bailey   | Entered a bailey
  6953 | Bailey   | Reached skill level 5 in Fighting
  7005 | Bailey   | Reached ** piety under Okawaru
  7270 | Bailey   | Reached skill level 1 in Invocations
  7496 | Bailey   | Identified the +8 triple sword of Cedoy {venom, rElec
                  | Int+2}
  7500 | Bailey   | Acquired the +3 warlock's mirror {omnireflect}
  7500 | Bailey   | Found the +3 warlock's mirror {omnireflect}
  7799 | D:9      | Reached skill level 5 in Invocations
  7938 | D:8      | Bought the +1 cloak of the Harvest {rF+} for 305 gold
                  | pieces
  8164 | D:9      | Found a bloodstained altar of Trog.
  8456 | Lair:1   | Entered Level 1 of the Lair of Beasts
  8475 | Lair:1   | Reached *** piety under Okawaru
  8540 | Lair:1   | Noticed an elephant
  8545 | Lair:1   | Noticed an elephant
  8546 | Lair:1   | Noticed an elephant
  8548 | Lair:1   | Noticed an elephant
  8548 | Lair:1   | Noticed an elephant
  8548 | Lair:1   | Noticed an elephant
  8567 | Lair:1   | Killed an elephant
  8576 | Lair:1   | Killed an elephant
  8589 | Lair:1   | Killed an elephant
  8590 | Lair:1   | Reached XP level 12. HP: 76/87 MP: 18/18
  8606 | Lair:1   | Reached **** piety under Okawaru
  8615 | Lair:1   | Reached skill level 5 in Armour
  8694 | Lair:1   | Identified the staff of fire "Taafaegg" {rF+ rC+ Int+2
                  | Stlth+}
  8749 | Lair:1   | Found a runed translucent door.
  8751 | Lair:1   | Noticed rinse's ghost (journeyman KoDe)
  8758 | Lair:1   | Identified the +3 trident of the Fulmar {pain, rCorr MP+9
                  | Dex+2}
  8973 | Lair:1   | Reached ***** piety under Okawaru
  9628 | Lair:2   | Found a hole to the Spider Nest.
 10081 | Lair:2   | Found a blossoming altar of Fedhas.
 10534 | Lair:3   | Noticed a five-headed hydra
 10547 | Lair:3   | Killed a five-headed hydra
 10754 | Lair:3   | Received a gift from Okawaru
 10975 | Lair:3   | Reached skill level 10 in Armour
 11029 | Lair:3   | Found a staircase to the Shoals.
 11541 | Lair:4   | Noticed a seven-headed hydra
 11549 | Lair:3   | Killed a seven-headed hydra
 11608 | Lair:4   | Reached XP level 13. HP: 77/93 MP: 19/19
 11678 | Lair:4   | Found a staircase to the Slime Pits.
 11680 | Lair:4   | Found a viscous altar of Jiyva.
 11927 | Lair:4   | You fall into a shaft and drop 1 floor!
 11927 | Lair:5   | Entered Level 5 of the Lair of Beasts
 11927 | Lair:5   | Noticed a dire elephant
 11928 | Lair:5   | Noticed a catoblepas
 11941 | Lair:5   | HP: 4/93 [catoblepas (25)]
 11941 | Lair:5   | Killed a catoblepas
 11946 | Lair:5   | Killed a dire elephant
 11955 | Lair:5   | Received a gift from Okawaru
 12310 | Lair:5   | Reached skill level 17 in Axes
 12331 | Lair:5   | Reached XP level 14. HP: 91/99 MP: 20/20
 12675 | Lair:5   | Found a dark tunnel.
 12681 | Volcano  | Entered a volcano
 12765 | Volcano  | Identified the +0 scale mail of Zuesig {Stlth+} (Okawaru
                  | gifted it to you in a volcano)
 12765 | Volcano  | Received a gift from Okawaru
 12766 | Volcano  | Reached skill level 18 in Axes
 13767 | Lair:4   | Reached skill level 19 in Axes
 14060 | D:10     | Entered Level 10 of the Dungeon
 14239 | D:10     | Mangled by a skeletal warrior

Illustrated notes

Levels and vault maps discovered:
D:1:      wander_arrival_abandoned_jail, layout_basic, serial_shops,
          nicolae_shop_rolled_up
D:2:      layout_basic, basic_altar
D:3:      layout_loops_ring, vehumet_statue,
          shapermc_ecumenical_altar_notcrosses, uniq_robin
D:4:      layout_gridville, mainiacjoe_overflow_boulevard,
          grunt_temple_overflow_open
D:5:      layout_gridville, mainiacjoe_overflow_small_starburst, serial_shops,
          nicolae_shop_tiny_glass, st_stairs_1, uniq_crazy_yiuf_cottage,
          uniq_prince_ribbit1
D:6:      hangedman_cross_stitches, layout_cave_pools,
          yredelemnul_forgotten_temple_becter, grunt_ministairs_14,
          uniq_menkaure, uniq_maggie
D:7:      wander_river, layout_basic, minmay_temple_entry_tees
D:8:      layout_rooms, erik_lair_orcish_takeover, serial_shops,
          nicolae_diamond_shop
D:9:      layout_irregular_city, lemuel_coloured_pillars_altar, enter_bailey_2
D:10:     layout_basic, serial_shops, nicolae_book_shop_shelving,
          nicolae_trove_entry_isolated, bh_circular_ruins
Temple:   eino_wide_crystal_templ
Lair:1:   layout_long_grid, ebering_ghost_funeral_grove, serial_bayou_shore_a
Lair:2:   layout_cave_pods, dummy_spider_entry, tgw_fedhas
Lair:3:   layout_cave_pods, minmay_shoals_entry_beasts, serial_bayou_pond_a
Lair:4:   layout_hall_layers, slime_entry_1, st_stairs_7, minmay_holes
Lair:5:   grunt_lair_end_beastmaster, layout_concentric_octagons,
          enter_volcano_4, infiniplex_staircase_pool, lemuel_fruit_fields

Skill      XL: |  1  2  3  4  5  6  7  8  9 10 11 12 13 14 |
---------------+-------------------------------------------+-----
Axes           | 3 4 6 8 10 13 15 16 17 19 | 19.4
Fighting       | 5 |  5.8
Invocations    | 8 |  8.6
Armour         | 11 14 | 14.1
Shields        | |  4.0

Action                     |  1- 3 |  4- 6 |  7- 9 | 10-12 | 13-15 || total
---------------------------+-------+-------+-------+-------+-------++-------
  Melee: War axe           |    65 |   116 |   136 |   453 |   105 ||   875
         Whip              |       |       |       |    14 |       ||    14
         Broad axe         |       |       |       |       |   381 ||   381
         Battleaxe         |       |       |       |       |    15 ||    15
   Fire: Sling             |       |    21 |    48 |   172 |     1 ||   242
 Invoke: Heroism           |       |       |       |     3 |    12 ||    15
         Finesse           |       |       |       |       |     1 ||     1
Ability: Dig               |       |     1 |       |     4 |     3 ||     8
         Shaft Self        |       |       |       |       |     1 ||     1
  Evoke: Wand              |       |       |     1 |     3 |       ||     4
    Use: Scroll            |       |     4 |     2 |     9 |     5 ||    20
         Potion            |       |       |     5 |     6 |    10 ||    21
   Stab: Petrifying        |       |       |       |       |     2 ||     2
         Petrified         |       |       |       |       |     2 ||     2
         Sleeping          |       |       |       |       |     1 ||     1
 Armour: Scale mail        |    22 |    45 |    39 |       |       ||   106
         Troll leather arm |       |       |       |    33 |    89 ||   122
         Leather armour    |       |       |       |    45 |       ||    45
  Dodge: Dodged            |    26 |    48 |    33 |   163 |   126 ||   396
  Block: Buckler           |    16 |    36 |    72 |   238 |   261 ||   623
         Reflection        |       |       |     1 |    10 |     9 ||    20

Table legend: (Time is in decaauts)
 A = Elapsed time spent in this place.
 B = Non-inter-level travel time spent in this place.
 C = Inter-level travel time spent in this place.
 D = Time resting spent in this place.
 E = Time spent auto-exploring this place.
 F = Levels seen in this place.
 G = Mean time per level.
                   A        B        C        D        E       F      G
               +--------+--------+--------+--------+--------+-----+--------+
         Total |  14206 |  13243 |    963 |   1052 |   8310 |  18 |  789.2 |
       Dungeon |   7832 |   7160 |    672 |    689 |   4665 |  10 |  783.2 |
        Temple |     12 |      7 |      5 |      0 |      0 |   1 |   12.0 |
          Lair |   5117 |   4831 |    286 |    225 |   3529 |   5 | 1023.4 |
        Bailey |    971 |    971 |      0 |    106 |    108 |   1 |  971.0 |
       Volcano |    271 |    271 |      0 |     32 |      8 |   1 |  271.0 |
               +--------+--------+--------+--------+--------+-----+--------+

Top non-repeatable levels by time:
  Lair:5: 1394 daAuts
     D:5: 1341 daAuts
     D:3: 1165 daAuts
  Lair:2: 1139 daAuts
  Lair:3: 1037 daAuts
     D:9: 1001 daAuts
  Bailey: 971 daAuts
  Lair:1: 960 daAuts
     D:6: 867 daAuts
     D:2: 717 daAuts
     D:1: 686 daAuts
     D:8: 655 daAuts
     D:7: 652 daAuts
  Lair:4: 585 daAuts
     D:4: 568 daAuts
